 Dungeon Crawl Stone Soup version 0.26.1-11-gd32895ea62 (webtiles) character file.

Game seed: 4300786527324377519

1078180 Elvor the Conqueror (level 27, 0/199 HPs)
             Began as a Gargoyle Delver on Apr 16, 2021.
             Was the Champion of the Shining One.
             Slain by a deep elf knight
             ... wielding a cursed -3 short sword
              (5 damage)
             ... on level 17 of a ziggurat on May 5, 2021.
             The game lasted 17:09:28 (77816 turns).

Elvor the Conqueror (Gargoyle Delver)              Turns: 77816, Time: 17:09:28

Health: 0/199      AC: 50    Str: 34    XL:     27
Magic:  0/45       EV: 24    Int: 20    God:    the Shining One [******]
Gold:   10010      SH: 32    Dex: 15    Spells: 14/61 levels left

rFire    + . .     SeeInvis +   R - +9 eveningstar (freeze)
rCold    + . .     Faith    .   n - +3 tower shield {AC+3}
rNeg     + + +     Spirit   +   K - +4 moon troll leather armour {Spirit, Regen++ MP+5}
rPois    ∞         Reflect  .   E - +3 crown of Dyrovepreva {rElec Int+2 SInv}
rElec    +         Harm     .   h - scarf {repulsion}
rCorr    +         Rampage  .   b - +2 pair of gloves {Str+3}
Will     ++...                  w - +2 pair of boots "Cymuimma" {Regen+}
Stlth    ++........             d - amulet of Besuvota {rF+ Regen+ Dex+6}
HPRegen  2.03/turn              k - ring of the Briny Deep {AC+4 Str+3 Slay+2}
MPRegen  0.29/turn              Y - ring "Rairaoto" {rC+ rCorr Int+2}

@: marked, flying, glowing, studying Evocations, repel missiles
A: big wings, iridescent scales 1, clever 1, clumsy 1, low mp 1, negative energy
resistance 1, electricity resistance, strong 1, unbreathing, petrification
resistance, miasma immunity, AC +20
}: 9/15 runes: decaying, serpentine, slimy, silver, iron, obsidian, icy, bone,
abyssal
a: Stop Flying, Renounce Religion, Divine Shield, Cleansing Flame, Summon Divine
Warrior


You were on level 17 of a ziggurat.
You worshipped the Shining One.
The Shining One was exalted by your worship.
You visited 16 branches of the dungeon, and saw 81 of its levels.
You visited the Abyss 2 times.
You visited 1 ziggurat, and saw 17 of its levels.
You also visited: Bailey, Gauntlet, Ice Cave and Wizlab.

You collected 14332 gold pieces.
You spent 4322 gold pieces at shops.

Inventory:

Hand Weapons
 q - the +8 autumn katana {vorpal, Clar}
   (You found it on level 11 of a ziggurat)

   It inflicts extra damage upon your enemies.
   It protects you against confusion.
 v - a +9 sacred scourge of holy wrath
 R - a +9 eveningstar of freezing (weapon)
 S - the +7 battleaxe "Pendulum" {freeze, +Blink Int+6 Dex+4}
   (You found it on level 9 of a ziggurat)

   It has been specially enchanted to freeze those struck by it, causing extra
   injury to most foes and up to half again as much damage against particularly
   susceptible opponents.
   It can also slow down cold-blooded creatures.
   It affects your intelligence (+6).
   It affects your dexterity (+4).
   It lets you blink.
Missiles
 F - 36 boomerangs (quivered)
Armour
 b - a +2 pair of gloves of strength (worn)
 g - the +6 plate armour "Ewosaj" {rF+ rCorr Stlth+}
   (You found it on level 15 of a ziggurat)

   It protects you from fire.
   It provides partial protection from all sources of acid and corrosion.
   It makes you more stealthy.
 h - a scarf of repulsion (worn)
 n - a +3 tower shield of protection (worn)
 w - the +2 pair of boots "Cymuimma" (worn) {Regen+}
   (Okawaru gifted it to you on level 1 of the Swamp)

   It increases your rate of regeneration.
 B - the +6 tower shield "Ammyna" {rPois rN+ Str-5 Int+6 Stlth-}
   (You took it off a daeva on level 6 of a ziggurat)

   It affects your strength (-5).
   It affects your intelligence (+6).
   It protects you from poison.
   It protects you from negative energy.
   It makes you less stealthy.
 E - the +3 crown of Dyrovepreva (worn) {rElec Int+2 SInv}
   (You found it on level 2 of the Depths)

   It affects your intelligence (+2).
   It insulates you from electricity.
   It lets you see invisible.
 K - the +4 moon troll leather armour (worn) {Spirit, Regen++ MP+5}
   (You found it on level 11 of a ziggurat)

   It affects your magic capacity (+5).
   It increases your rate of regeneration.
Jewellery
 d - the amulet of Besuvota (around neck) {rF+ Regen+ Dex+6}
   (You found it on level 4 of the Depths)

   [amulet of regeneration]

   It affects your dexterity (+6).
   It protects you from fire.
   It increases your rate of regeneration.
 e - an uncursed ring of wizardry
 i - the amulet of Meugol {RegenMP rC++ Int-3 SInv}
   (You found it on level 15 of a ziggurat)

   [amulet of magic regeneration]

   It increases your magic regeneration.
   It affects your intelligence (-3).
   It greatly protects you from cold.
   It lets you see invisible.
 k - the ring of the Briny Deep (left hand) {AC+4 Str+3 Slay+2}
   (You found it on level 1 of the Vaults)

   [ring of protection]

   It affects your AC (+4).
   It affects your strength (+3).
   It affects your accuracy and damage with ranged weapons and melee attacks
   (+2).
 A - the ring "Facy" {*Corrode rC+ EV+4 Int+2}
   (You found it in an ice cave)

   [ring of evasion]

   It affects your evasion (+4).
   It affects your intelligence (+2).
   It protects you from cold.
   It may corrode you when you take damage.
 U - the ring "Melag" {*Corrode Will++ Str-4 Int+4 Slay-3}
   (You found it on level 16 of a ziggurat)

   [ring of strength]

   It affects your strength (-4).
   It affects your intelligence (+4).
   It affects your accuracy and damage with ranged weapons and melee attacks
   (-3).
   It affects your willpower, your defense against some magical effects.
   It may corrode you when you take damage.
 Y - the ring "Rairaoto" (right hand) {rC+ rCorr Int+2}
   (You found it on level 15 of a ziggurat)

   [ring of resist corrosion]

   It affects your intelligence (+2).
   It protects you from cold.
   It provides partial protection from all sources of acid and corrosion.
Wands
 a - a wand of acid (14)
 c - a wand of enslavement (15)
 H - a wand of paralysis (64)
 M - a wand of iceblast (4)
 P - a wand of disintegration (38)
Scrolls
 j - 10 scrolls of holy word
 l - 12 scrolls of fear
 p - 17 scrolls of fog
 r - a scroll of enchant weapon
 s - 4 scrolls of amnesia
 t - 3 scrolls of immolation
 x - 5 scrolls of summoning
 y - 34 scrolls of teleportation
 G - 26 scrolls of remove curse
 J - 3 scrolls of silence
 O - 2 scrolls of acquirement
 W - 12 scrolls of blinking
Potions
 m - 8 potions of might
 o - 4 potions of mutation
 u - 10 potions of brilliance
 z - 6 potions of magic
 C - 5 potions of ambrosia
 D - 6 potions of berserk rage
 I - 10 potions of cancellation
 L - 18 potions of curing
 N - 4 potions of haste
 V - 16 potions of lignification
 Z - 8 potions of resistance
Books
 X - a manual of Evocations
Miscellaneous
 f - a tin of tremorstones (1/2)
 T - a lightning rod (4/4)


   Skills:
 O Level 27 Fighting
 + Level 25.2(25.3) Maces & Flails
 - Level 2.1(17.5) Staves
 - Level 15.6 Throwing
 + Level 14.8 Armour
 + Level 16.2 Dodging
 + Level 8.7 Stealth
 O Level 27 Shields
 + Level 17.5 Spellcasting
 + Level 10.6 Conjurations
 + Level 7.2 Translocations
 + Level 1.0 Ice Magic
 O Level 27 Earth Magic
 + Level 10.2 Invocations
 + Level 6.1 Evocations


You had 14 spell levels left.
You knew the following spells:

 Your Spells              Type           Power        Failure   Level
a - Freeze                Ice            84%          2%          1
b - Blink                 Tloc           N/A          1%          2
c - Mephitic Cloud        Conj/Pois/Air  31%          2%          3
d - Stone Arrow           Conj/Erth      100%         0%          3
e - Iron Shot             Conj/Erth      37%          1%          6
f - Shatter               Erth           45%          5%          9
g - Apportation           Tloc           92%          1%          1
h - Passwall              Tmut/Erth      53%          1%          2
i - Petrify               Tmut/Erth      64%          1%          4
j - Lee's Rapid Deconstr  Erth           45%          0%          5
k - Swiftness             Air            17%          5%          2
l - Passage of Golubria   Tloc           N/A          1%          4
m - Fireball              Conj/Fire      19%          11%         5

Your spell library contained the following spells:

 Spells                   Type           Power        Failure   Level
 Sandblast                Erth           100%         0%          1
 Foxfire                  Conj/Fire      100%         1%          1
 Magic Dart               Conj           100%         1%          1
 Shock                    Conj/Air       100%         1%          1
 Searing Ray              Conj           100%         1%          2
 Conjure Flame            Conj/Fire      38%          1%          3
 Dazzling Flash           Conj/Hex       76%          1%          3
 Gell's Gravitas          Tloc           23%          1%          3
 Lesser Beckoning         Tloc           23%          1%          3
 Static Discharge         Conj/Air       38%          1%          3
 Iskenderun's Mystic Bla  Conj/Tloc      52%          1%          4
 Leda's Liquefaction      Hex/Erth       32%          1%          4
 Bolt of Magma            Conj/Fire/Erth 30%          1%          5
 Borgnjor's Vile Clutch   Necr/Erth      32%          1%          5
 Iskenderun's Battlesphe  Conj           56%          1%          5
 Portal Projectile        Hex/Tloc       64%          2%          3
 Animate Skeleton         Necr           34%          3%          1
 Beastly Appendage        Tmut           34%          3%          1
 Corona                   Hex            18%          3%          1
 Pain                     Necr           68%          3%          1
 Sting                    Tmut/Pois      68%          3%          1
 Summon Small Mammal      Summ           68%          3%          1
 Fulminant Prism          Conj/Hex       19%          3%          4
 Hailstorm                Conj/Ice       40%          3%          4
 Ensorcelled Hibernation  Hex/Ice        38%          4%          2
 Call Imp                 Summ           17%          5%          2
 Corpse Rot               Necr/Air       N/A          5%          2
 Poisonous Vapours        Pois/Air       34%          5%          2
 Slow                     Hex            17%          5%          2
 Wereblood                Tmut           17%          5%          2
 Frozen Ramparts          Ice            42%          7%          3
 Ozocubu's Armour         Ice            21%          7%          3
 Lehudib's Crystal Spear  Conj/Erth      37%          10%         8
 Call Canine Familiar     Summ           17%          11%         3
 Confusing Touch          Hex            17%          11%         3
 Ignite Poison            Fire/Tmut/Pois 17%          11%         3
 Spider Form              Tmut/Pois      8%           11%         3
 Tukima's Dance           Hex            17%          11%         3
 Vampiric Draining        Necr           8%           11%         3
 Irradiate                Conj/Tmut      19%          11%         5
 Lightning Bolt           Conj/Air       19%          11%         5
 Summon Forest            Summ/Tloc      16%          22%         5
 Dispersal                Tloc           23%          26%         6
 Ice Form                 Ice/Tmut       19%          28%         4
 Summon Ice Beast         Ice/Summ       19%          28%         4
 Airstrike                Air            8%           34%         4
 Animate Dead             Necr           8%           34%         4
 Cause Fear               Hex            8%           34%         4
 Dispel Undead            Necr           17%          34%         4
 Olgreb's Toxic Radiance  Pois           17%          34%         4
 Summon Lightning Spire   Summ/Air       17%          34%         4
 Orb of Destruction       Conj           28%          36%         7
 Conjure Ball Lightning   Conj/Air       19%          52%         6
 Starburst                Conj/Fire      19%          52%         6
 Metabolic Englaciation   Hex/Ice        9%           61%         5
 Agony                    Necr           17%          67%         5
 Alistair's Intoxication  Tmut/Pois      11%          67%         5
 Blade Hands              Tmut           8%           67%         5
 Excruciating Wounds      Necr           8%           67%         5
 Silence                  Hex/Air        8%           67%         5
 Summon Demon             Summ           8%           67%         5
 Summon Mana Viper        Hex/Summ       17%          67%         5
 Yara's Violent Unravell  Hex/Tmut       8%           67%         5
 Freezing Cloud           Conj/Ice/Air   16%          73%         6
 Spellforged Servitor     Conj/Summ      19%          97%         7
 Death Channel            Necr           8%           99%         6
 Eringya's Noxious Bog    Tmut/Pois      8%           99%         6
 Hydra Form               Tmut           8%           99%         6
 Invisibility             Hex            17%          99%         6
 Shadow Creatures         Summ           N/A          99%         6
 Simulacrum               Ice/Necr       9%           99%         6
 Dragon Form              Tmut           8%           100%        7
 Malign Gateway           Summ/Tloc      16%          100%        7
 Monstrous Menagerie      Summ           8%           100%        7
 Summon Greater Demon     Summ           8%           100%        7
 Summon Hydra             Summ           8%           100%        7
 Chain Lightning          Conj/Air       19%          100%        8
 Discord                  Hex            8%           100%        8
 Disjunction              Tloc           23%          100%        8
 Ignition                 Fire           8%           100%        8
 Summon Horrible Things   Summ           8%           100%        8
 Absolute Zero            Ice            10%          100%        9
 Dragon's Call            Summ           8%           100%        9
 Fire Storm               Conj/Fire      19%          100%        9
 Tornado                  Air            8%           100%        9
 Statue Form              Tmut/Erth      Unusable     N/A         6
 Sublimation of Blood     Necr           Unusable     N/A         2

Dungeon Overview and Level Annotations

Branches:
Dungeon (15/15)            Temple (1/1) D:5            Lair (6/6) D:9
  Swamp (4/4) Lair:2        Snake (4/4) Lair:2        Slime (5/5) Lair:5
    Orc (2/2) D:12            Elf (3/3) Orc:2        Vaults (5/5) D:13
  Crypt (3/3) Vaults:2       Tomb (0/3) Crypt:3      Depths (5/5) D:15
   Hell (visited)             Dis (7/7) Hell            Geh (7/7) Hell
    Coc (7/7) Hell            Tar (7/7) Hell            Zot (0/5) Depths:5
 Bailey (visited)           IceCv (visited)          WizLab (visited)
Gauntlet (visited)

Altars:
Ashenzari
Cheibriados
Dithmenos
Elyvilon
Fedhas
Gozag
Hepliaklqana
Kikubaaqudgha
Makhleb
Nemelex Xobeh
Okawaru
Qazlal
Ru
Sif Muna
Trog
Uskayaw
Vehumet
Wu Jian
Xom
Yredelemnul
Zin
The Shining One
Beogh

Shops:
D:6 *   D:9 *   D:12 *   Orc:1 [   Orc:2 }}[(([   Elf:1 =}=(   Elf:3 :[
Vaults:3 *

Portals:
Hell: Lair:6 Depths:1 Depths:2 Depths:3 Depths:4 Depths:5
Abyss: Depths:4 Depths:5
Pandemonium: Depths:3 Depths:5


Innate Abilities, Weirdness & Mutations

You are resistant to torment.
Your stone body is resilient. (AC +20)
You are immune to poison.
Your large and strong wings let you fly indefinitely.
You resist negative energy. (rN+)
You are resistant to electric shocks. (rElec)
You can survive without breathing.
You are immune to petrification.
You are immune to miasma.
You are partially covered in iridescent scales. (AC +2)
Your mind is acute. (Int +2)
You are clumsy. (Dex -2)
Your magical capacity is low. (-10% MP)
Your muscles are strong. (Str +2)


Message History

You bludgeon the basilisk!! You freeze the basilisk.
You kill the basilisk!
You block the deep elf knight's attack.
The ironbrand convoker casts a spell at the vault sentinel.
The vault sentinel seems to grow stronger.
You block the titan's attack.
The orc knight unwields a +0 arbalest.
The orc knight wields a +0 great mace.
The orc knight hits you with a +0 great mace.
You thump the ettin! You freeze the ettin.
The ettin is lightly wounded.
You block the deep elf knight's attack. The ironbrand convoker misses you.
You block the ettin's attack. x2
You completely miss the ettin.
The ettin is lightly wounded.
You block the deep elf knight's attack. The titan hits you!!!
* * * LOW HITPOINT WARNING * * *
You block the shock serpent's attack. You block the orc knight's attack.
The titan hits you but does no damage.
The deep elf knight hits you with a cursed -3 short sword.
You die...

...........☼..○...o)..
..............))..).....
.............(.)...†....
.∩......................
.......^................
........................
................p.......
...............pCo..)...
▓....^...^.....S@e.^..8^
▓▓...8.........§CC....88
▓...........)...§......
..........§....88
..^.........^..8^
^...............▓
▓▓...........▓▓▓▓
▓▓▓▓▓▓.▓▓▓▓▓▓


You could see 2 titans, an orc knight (strong), an ettin, a shock serpent shaped
shifter, a vault sentinel (strong), a deep elf knight (fast) and an ironbrand
convoker.

Vanquished Creatures
  Antaeus (Coc:7)
  Asmodeus (Geh:7)
  the Royal Jelly (Slime:5)
  Ereshkigal (Tar:7)
  3 pandemonium lords (Zig:15)
  Dispater (Dis:7)
  6 ancient liches
  Mara (Crypt:3)
  7 juggernauts
  Bai Suzhen (Swamp:3)
  The ghost of Cuucabuana the Slayer, a veteran MiGl of Okawaru (Elf:2)
  3 Killer Klowns (Zig:15)
  20 shard shrikes
  Vashnia (Snake:2)
  9 caustic shrikes
  Geryon (Hell)
  The ghost of Plog the Warrior, an adept DgCj (Depths:4)
  The ghost of Plog the Warrior, an adept DgCj (Depths:2)
  8 golden dragons
  Nikola (Elf:3)
  16 bone dragons
  3 profane servitors
  15 Brimstone Fiends
  8 iron giants
  13 Tzitzimimeh
  3 electric golems (Zig:16)
  2 doom hounds
  8 Ice Fiends
  Rupert (D:13)
  A hellephant (Abyss:5)
  4 tentacled monstrosities
  7 Hell Sentinels (Dis:7)
  5 deep elf blademasters
  26 titans
  6 deep elf master archers
  5 quicksilver dragons
  21 liches
  24 acid blobs
  A kraken (Abyss:3)
  7 sphinxes
  10 tentacled starspawn
  22 ancient champions
  2 thorn hunters (Swamp:4)
  Frances (D:13)
  A sphinx (shapeshifter) (Zig:15)
  The ghost of Iffuusoj the Severer, an adept MiBe of Trog (Swamp:4)
  7 shadow dragons
  A fenstrider witch (shapeshifter) (Zig:15)
  8 storm dragons
  Kirke (Elf:1)
  4 tengu reavers
  5 revenants
  18 fire giants
  13 nagarajas
  9 azure jellies
  3 ghost moths (Zig:13)
  28 frost giants
  7 balrugs
  3 orc warlords
  8 deep elf sorcerers
  A draconian scorcher (Depths:5)
  A frost giant (shapeshifter) (Depths:2)
  3 emperor scorpions (Zig:13)
  17 vault wardens
  A caustic shrike zombie (Zig:9)
  An angel (Zig:6)
  12 iron dragons
  38 reapers
  A draconian knight (Depths:5)
  A draconian shifter (Depths:5)
  Aizul (Elf:3)
  3 cacodemons
  4 curse skulls
  5 spriggan defenders
  28 very ugly things
  4 deep elf elementalists (Elf:3)
  A draconian annihilator (Zig:5)
  13 ironheart preservers
  A draconian stormcaller (Zig:5)
  14 ghouls
  32 stone giants
  2 ophanim (Zig:6)
  22 war gargoyles
  58 starcursed masses
  Azrael (Elf:1)
  7 green draconians
  9 white draconians
  8 vampire knights
  6 deep elf demonologists
  6 bunyips
  2 lorocyprocas
  An apis (Zig:6)
  A minotaur (Gauntlet)
  2 black suns
  10 deep elf annihilators
  2 red draconians
  4 entropy weavers
  5 black draconians
  7 yellow draconians
  25 spark wasps
  4 purple draconians
  16 ettins
  6 eidola
  Snorg (D:9)
  10 deep elf death magi
  21 blizzard demons
  12 death oozes
  5 eleionomae
  Josephine (D:14)
  An eleionoma (shapeshifter) (Zig:15)
  9 jiangshi
  2 green deaths
  18 yaktaur captains
  2 kraken zombies (Hell)
  2 quicksilver dragon zombies
  14 fire dragons
  A mummy priest (Hell)
  A shambling mangrove (Abyss:3)
  8 deep elf high priests
  12 great orbs of eyes
  7 quicksilver dragon skeletons
  Fannar (D:9)
  25 ice dragons
  A monstrous demonspawn (Depths:3)
  7 rakshasas
  23 hydras
  A hell beast (Dis:7)
  Harold (D:7)
  35 vault guards
  4 ghost crabs
  13 anacondas
  13 naga warriors
  12 centaur warriors
  8 spriggan air magi
  A catoblepas (Lair:5)
  6 boulder beetles
  7 alligators
  57 two-headed ogres
  30 dancing weapons
  16 ogre magi
  A queen ant (shapeshifter) (Zig:17)
  13 death yaks
  4 death knights
  13 deep troll earth magi
  5 tengu warriors
  17 hell hogs
  12 deep troll shamans
  18 thrashing horrors
  Urug (D:13)
  4 titan zombies
  8 orc high priests
  6 spriggan berserkers
  17 soul eaters
  8 vampire magi
  19 naga sharpshooters
  28 small abominations
  9 shock serpents
  14 spriggans
  A death yak (shapeshifter) (Zig:15)
  18 deep elf knights
  6 iron golems
  14 wretched stars
  4 storm dragon zombies
  6 sun demons
  A fire crab (Abyss:3)
  11 goliath frogs
  2 salamander mystics
  4 shadow wraiths
  4 titan skeletons
  A goliath frog (shapeshifter) (Zig:17)
  32 deep trolls
  A death drake (shapeshifter) (Elf:1)
  2 spriggan druids
  12 flayed ghosts
  4 spatial maelstroms
  A fire crab (shapeshifter) (Zig:17)
  7 sixfirhies
  13 iron trolls
  139 skeletal warriors
  40 large abominations
  8 unseen horrors
  38 hell knights
  A ghost moth zombie (Dis:7)
  5 shadow demons (Tar:7)
  A quicksilver dragon simulacrum (Coc:4)
  4 golden dragon zombies
  A cherub (Zig:6)
  4 death drakes
  A glowing orange brain (shapeshifter) (Depths:5)
  6 storm dragon skeletons
  16 anaconda zombies
  12 naga ritualists
  9 bog bodies
  7 anaconda skeletons
  4 orange crystal statues
  7 glowing orange brains
  2 lindwurms (shapeshifter)
  24 deep elf archers
  2 obsidian statues
  10 wizards
  24 orc knights
  Pikel (D:7)
  3 lindwurms
  12 ironbrand convokers
  6 wolf spider zombies
  7 harpies
  79 deep elf magi
  10 swamp dragons
  6 shadow dragon zombies
  4 golden dragon skeletons
  6 mana vipers
  12 necromancers
  3 tengu zombies
  3 frost giant zombies
  6 stone giant zombies
  7 fire giant zombies
  20 phantasmal warriors
  3 wolf spiders (shapeshifter)
  6 shadow dragon skeletons
  2 iron dragon zombies
  7 will-o-the-wisps
  7 orb spiders
  3 orc sorcerers
  7 wolf spiders
  5 oklob plants
  6 shining eyes
  11 salamanders
  2 iron dragon skeletons
  3 apocalypse crabs
  87 ugly things
  2 cyclopes
  2 stone giant skeletons
  A shock serpent zombie (Geh:3)
  Maurice (D:8)
  20 elephants
  A moth of wrath (Zig:13)
  6 worldbinders
  3 manticores
  26 rust devils
  An eye of devastation (Zig:15)
  9 fire giant skeletons
  3 centaur zombies
  7 dire elephant zombies
  14 guardian serpents
  15 smoke demons
  Joseph (D:7)
  35 black mambas
  An eye of devastation (shapeshifter) (Depths:5)
  8 frost giant skeletons
  20 naga magi
  12 vault sentinels
  13 molten gargoyles
  5 ice statues
  2 torpor snails
  5 orange demons
  16 komodo dragons
  11 cane toads
  A water nymph (shapeshifter) (Vaults:5)
  2 shock serpent skeletons
  5 dire elephant skeletons
  3 gargoyles
  10 rime drakes
  A catoblepas zombie (Dis:5)
  4 efreet
  2 kobold demonologists
  17 hellions
  3 emperor scorpion zombies
  43 yaktaurs
  A rime drake (shapeshifter) (Vaults:1)
  41 freezing wraiths
  3 demonic crawlers
  12 hellwings
  2 iron troll zombies
  43 ice devils
  6 anaconda simulacra
  4 guardian mummies (Crypt:3)
  22 red devils
  24 tormentors
  A yaktaur (shapeshifter) (D:15)
  A silent spectre (Tar:7)
  11 ancient zymes
  3 golden dragon simulacra
  A yellow draconian skeleton (Crypt:3)
  A catoblepas skeleton (Crypt:3)
  18 hydra zombies
  A meliai (shapeshifter) (Depths:3)
  7 jumping spiders
  12 trolls
  2 polar bears (Lair:6)
  A sphinx simulacrum (Vaults:3)
  2 tengu conjurers
  2 harpy zombies
  7 tyrant leeches
  2 bloated husks
  20 blink frogs
  A jumping spider (shapeshifter) (Zig:15)
  6 meliai
  2 hornets (shapeshifter)
  3 wind drakes (shapeshifter)
  3 harpy skeletons
  94 slime creatures
  20 hornets
  Prince Ribbit (D:8)
  2 spriggan zombies (Hell)
  13 hydra skeletons
  A blink frog (shapeshifter) (Vaults:3)
  16 raiju
  A stone giant simulacrum (Tar:5)
  3 ice dragon zombies
  3 human simulacra
  A meliai zombie (D:14)
  A jumping spider zombie (Crypt:2)
  A moth of wrath zombie (Crypt:3)
  6 alligator zombies
  8 fire dragon zombies
  A raiju (shapeshifter) (Vaults:3)
  8 ettin zombies
  A deep troll zombie (Hell)
  7 ice dragon skeletons
  12 redbacks
  31 water elementals
  Sigmund (D:4)
  A spriggan (shapeshifter) (Vaults:5)
  5 air elementals
  2 alligator skeletons
  A black mamba skeleton (Tar:3)
  68 flying skulls
  33 shadows
  4 vampires
  12 fire dragon skeletons
  5 ettin skeletons
  A human (shapeshifter) (D:15)
  7 wyverns
  44 yaks
  3 black mamba zombies
  34 wraiths
  15 ynoxinuls
  4 dire elephant simulacra
  6 fire bats (Abyss:3)
  19 golden eyes
  23 fire elementals
  4 hogs (Elf:1)
  2 basilisks
  12 chaos spawn
  3 basilisks (shapeshifter)
  8 neqoxecs
  12 vampire mosquitoes
  A death yak simulacrum (IceCv)
  A glowing shapeshifter zombie (Crypt:1)
  4 spatial vortices
  54 nagas
  16 swamp worms
  4 harpy simulacra (IceCv)
  A soldier ant (D:13)
  5 two-headed ogre zombies (WizLab)
  6 hydra simulacra
  15 wargs
  A soldier ant (shapeshifter) (Abyss:5)
  3 iron troll simulacra (IceCv)
  11 cane toad zombies
  6 acid dragons
  An infernal demonspawn skeleton (Crypt:1)
  A merfolk skeleton (Tar:7)
  18 water moccasins
  6 sky beasts
  11 swamp drakes
  5 floating eyes
  3 cane toad skeletons
  40 hell hounds
  58 orc warriors
  8 ice beasts
  6 phantoms
  2 hornet zombies
  A swamp dragon zombie (Coc:6)
  An alligator simulacrum (Hell)
  4 human zombies
  A black bear (D:10)
  2 ettin simulacra
  30 ogres
  A manticore zombie (Dis:7)
  13 necrophages
  2 snapping turtle zombies
  8 eyes of draining
  10 wolves
  20 centaurs
  5 snapping turtle skeletons
  4 boggarts
  3 manticore skeletons
  2 elf zombies
  A lemure (D:7)
  An elf skeleton (Hell)
  23 bullfrogs
  A draconian skeleton (Crypt:3)
  5 earth elementals
  2 cane toad simulacra (Coc:7)
  2 wyvern skeletons
  4 scorpions
  6 killer bees
  4 troll zombies (WizLab)
  48 wights
  A troll skeleton (Geh:2)
  7 howler monkeys
  15 crimson imps
  2 draconian simulacra (IceCv)
  A lava snake (D:9)
  3 quasits
  A black bear zombie (Crypt:2)
  8 centaur skeletons
  17 orc priests
  8 hounds
  6 jellies
  29 orc wizards
  8 iguanas
  29 iron imps
  3 bullfrog skeletons
  A demonspawn skeleton (Crypt:2)
  7 hell rats (Lair:5)
  A human skeleton (Tar:1)
  A spriggan simulacrum (IceCv)
  11 worker ants
  2 troll simulacra (IceCv)
  A naga zombie (Tar:7)
  A sky beast zombie (Crypt:2)
  8 ogre zombies (WizLab)
  An acid dragon skeleton (Crypt:2)
  An acid dragon zombie (Crypt:1)
  2 tengu skeletons
  2 naga skeletons
  A hound zombie (Crypt:3)
  2 hound skeletons
  8 mummies
  3 worker ant zombies
  11 gnolls
  18 adders
  4 ogre simulacra (IceCv)
  3 naga simulacra (IceCv)
  9 shadow imps
  27 white imps
  17 ufetubi
  3 adder skeletons
  6 worms
  6 dart slugs
  5 leopard geckos
  120 orcs
  10 bats
  5 giant cockroaches
  8 goblins
  16 hobgoblins
  10 jackals
  23 kobolds
  6 quokkas
  3 ball pythons
  A ball python skeleton (Crypt:1)
  6 frilled lizards
  2 jackal skeletons
  A leopard gecko zombie (D:6)
  A quokka skeleton (D:4)
  A quokka zombie (Crypt:1)
  7 rats
  A rat zombie (Crypt:2)
  A bush (D:14)
  3 crawling corpses
  A lurking horror (Abyss:3)
  A plant (Depths:2)
  6 starspawn tentacles
  7 tentacles
4398 creatures vanquished.

Vanquished Creatures (collateral kills)
  the Serpent of Hell (Geh:7)
  A shard shrike (Coc:7)
  A bone dragon (Tar:7)
  A Brimstone Fiend (Geh:7)
  A Tzitzimitl (Tar:7)
  3 Ice Fiends (Coc:7)
  2 daevas (Zig:6)
  A fenstrider witch (shapeshifter) (Zig:15)
  3 ghouls (Tar:7)
  4 balrugs (Geh:7)
  An elemental wellspring (Coc:7)
  4 reapers
  2 very ugly things (Zig:15)
  A vampire knight (Tar:7)
  3 blizzard demons (Coc:7)
  A quicksilver dragon zombie (Coc:7)
  2 ice dragons (Coc:7)
  A hell hog (Geh:7)
  3 soul eaters (Tar:7)
  A titan skeleton (Coc:7)
  2 hell knights (Geh:7)
  6 skeletal warriors (Tar:7)
  An anaconda skeleton (Tar:7)
  A stone giant zombie (Tar:7)
  2 fire giant zombies (Tar:7)
  A smoke demon (Geh:7)
  A shock serpent zombie (Tar:7)
  5 molten gargoyles (Geh:7)
  A freezing wraith (Tar:7)
  3 ice devils (Coc:7)
  A harpy zombie (Geh:7)
  5 red devils (Geh:7)
  3 hydra skeletons
  An ettin zombie (Coc:7)
  5 flying skulls
  2 fire dragon skeletons (Geh:7)
  5 shadows (Tar:7)
  2 fire elementals (Geh:7)
  A hydra simulacrum (Coc:7)
  6 hell hounds
  2 snapping turtle zombies
  A centaur (D:5)
  An iron imp (Dis:7)
  A naga zombie (Tar:7)
  A shadow imp (Tar:7)
  A white imp (Coc:7)
  An orc (D:8)
99 creatures vanquished.

Vanquished Creatures (others)
  An ancient champion (Dis:7)
  An elemental wellspring (Coc:7)
  A stone giant (Crypt:2)
  A deep troll earth mage (Depths:3)
  A hell hog (Geh:7)
  A deep elf knight (Elf:2)
  A naga sharpshooter (Snake:4)
  A shadow wraith (Vaults:5)
  A small abomination (Elf:3)
  An orc knight (Vaults:4)
  2 deep elf magi (Elf:3)
  A will-o-the-wisp (Swamp:4)
  A mana viper (Snake:2)
  A torpor snail (shapeshifter) (Zig:15)
  A rime drake (shapeshifter) (Depths:4)
  A komodo dragon (D:9)
  2 bloated husks
  4 hornets
  A raiju (Zig:8)
  A flying skull (Geh:7)
  2 spriggans
  A swamp worm (Swamp:4)
  A naga (Snake:3)
  A hell hound (Geh:7)
  2 ogres
  An orc wizard (Orc:2)
  3 iron imps (Dis:7)
  An ooze (D:3)
  2 orcs
  4 briar patches (Swamp:4)
  4 bushes
  2 demonic plants (Gauntlet)
  30 foxfires
  23 fungi
  153 plants
  19 starspawn tentacles
  11 tentacles
285 creatures vanquished.

Grand Total: 4782 creatures vanquished

Notes
Turn   | Place    | Note
-------+----------+-------------------------------------------
     0 | D:5      | Elvor the Gargoyle Delver began the quest for the Orb.
     0 | D:5      | Reached XP level 1. HP: 14/14 MP: 1/1
    27 | D:5      | Noticed a hound
    45 | D:5      | Noticed an iguana
    63 | D:5      | Found a staircase to the Ecumenical Temple.
    65 | D:5      | Noticed a centaur
    72 | Temple   | Entered the Ecumenical Temple
   173 | Temple   | Became a worshipper of Warmaster Okawaru
   356 | D:4      | Noticed an iguana
   380 | D:4      | Reached XP level 2. HP: 16/19 MP: 2/2
   427 | D:4      | Reached XP level 3. HP: 7/23 MP: 3/3
   823 | D:1      | Reached XP level 4. HP: 28/28 MP: 4/4
  2034 | D:2      | Reached * piety under Okawaru
  2035 | D:2      | Reached XP level 5. HP: 32/32 MP: 5/5
  2309 | D:2      | Found an ancient bone altar of Kikubaaqudgha.
  2730 | D:3      | Reached skill level 1 in Armour
  3476 | D:3      | Reached XP level 6. HP: 22/38 MP: 6/6
  3557 | D:3      | Reached skill level 1 in Shields
  3562 | D:3      | Noticed a wyvern
  3724 | D:3      | Killed a wyvern
  3725 | D:3      | Reached skill level 5 in Maces & Flails
  4200 | D:4      | Reached XP level 7. HP: 43/43 MP: 7/7
  4222 | D:4      | Noticed Sigmund
  4269 | D:4      | Killed Sigmund
  4270 | D:4      | Reached skill level 1 in Throwing
  4319 | D:4      | Reached ** piety under Okawaru
  4680 | D:5      | Got a pitted ring mail
  4706 | D:5      | Reached XP level 8. HP: 11/48 MP: 8/8
  4986 | D:5      | Found a hide-covered altar of Uskayaw.
  5538 | D:6      | HP: 1/48 [orc warrior/+0 war axe (10)]
  6075 | D:6      | Reached *** piety under Okawaru
  6225 | D:6      | Reached XP level 9. HP: 44/53 MP: 9/9
  6229 | D:6      | Found Epeesiar's Assorted Antiques.
  6244 | D:6      | Bought a scroll labelled POUDAZ IVA for 30 gold pieces
  6244 | D:6      | Bought a scroll labelled ZUEMOSCH MAISTRYASU for 30 gold
                  | pieces
  6244 | D:6      | Bought 2 scrolls labelled YLOSTR EC NYS for 60 gold pieces
  6471 | D:6      | Reached skill level 5 in Fighting
  6717 | D:7      | Noticed Pikel
  6826 | D:7      | Noticed Joseph
  6845 | D:7      | Killed Joseph
  6868 | D:7      | Reached **** piety under Okawaru
  6879 | D:7      | Received a gift from Okawaru
  6901 | D:7      | Found a radiant altar of Vehumet.
  6901 | D:7      | Found a burning altar of Makhleb.
  7200 | D:7      | Noticed Harold
  7225 | D:7      | Killed Harold
  7226 | D:7      | Reached skill level 5 in Shields
  7226 | D:7      | Reached XP level 10. HP: 37/60 MP: 10/10
  7744 | D:7      | Killed Pikel
  7745 | D:7      | Reached skill level 5 in Throwing
  7776 | D:7      | Found a shadowy altar of Dithmenos.
  7776 | D:7      | Found a bloodstained altar of Trog.
  8007 | D:8      | Noticed Prince Ribbit
  8040 | D:8      | Killed Prince Ribbit
  8049 | D:8      | Found a bloodstained altar of Trog.
  8183 | D:8      | Reached skill level 10 in Maces & Flails
  8195 | D:8      | Found a flagged portal.
  8247 | Bailey   | Entered a bailey
  8263 | Bailey   | Noticed an orc warlord
  8448 | Bailey   | Found a runed translucent gate.
  8450 | Bailey   | Found a runed translucent gate.
  8451 | Bailey   | Found a runed translucent gate.
  8568 | Bailey   | Killed an orc warlord
  8657 | Bailey   | Identified a scroll of acquirement
  8657 | Bailey   | Acquired a +0 eveningstar of freezing
  8989 | D:8      | Reached skill level 5 in Armour
  8989 | D:8      | Reached XP level 11. HP: 52/64 MP: 9/11
  8991 | D:8      | Reached skill level 1 in Staves
  9011 | D:8      | Reached skill level 1 in Evocations
  9099 | D:8      | Reached ***** piety under Okawaru
  9258 | D:8      | Noticed Maurice
  9330 | D:8      | Killed Maurice
  9381 | D:8      | Identified the +1 ring mail of Grand the Good {Rampage
                  | rElec rCorr Stlth-} (You found it on level 5 of the
                  | Dungeon)
  9814 | D:9      | Received a gift from Okawaru
  9943 | D:9      | Found a staircase to the Lair.
 10061 | D:9      | Found Adanolai's Assorted Antiques.
 10066 | D:9      | Noticed a two-headed ogre
 10450 | D:9      | Killed a two-headed ogre
 10581 | D:9      | Bought a scroll labelled NEIHENKOEVI for 26 gold pieces
 10581 | D:9      | Bought a jacinth-encrusted scale mail for 234 gold pieces
 10581 | D:9      | Bought a viscous ruby potion for 23 gold pieces
 10581 | D:9      | Bought a glowing puce potion for 23 gold pieces
 10591 | D:9      | Identified the +10 scale mail of the Equinox {+Fly rC-
                  | rN+++} (You bought it in a shop on level 9 of the Dungeon)
 10693 | D:10     | Entered Level 10 of the Dungeon
 10693 | D:10     | Noticed Snorg
 10730 | D:9      | Killed Snorg
 10731 | D:9      | Reached skill level 1 in Invocations
 10960 | D:10     | Noticed Fannar
 11146 | D:9      | Killed Fannar
 11520 | D:10     | Received a gift from Okawaru
 11578 | D:10     | Learned a level 1 spell: Freeze
 11944 | D:11     | Received a gift from Okawaru
 11959 | D:11     | Reached XP level 12. HP: 57/71 MP: 13/13
 11967 | D:11     | Received a gift from Okawaru
 12063 | D:11     | Received a gift from Okawaru
 12390 | D:12     | Found a staircase to the Orcish Mines.
 13107 | D:12     | Noticed a two-headed ogre
 13118 | D:12     | Killed a two-headed ogre
 13203 | D:12     | Noticed a four-headed hydra
 13213 | D:12     | Killed a four-headed hydra
 13279 | D:12     | Found Goitarch's General Store.
 13518 | D:12     | Bought a scroll of remove curse for 42 gold pieces
 13599 | Lair:1   | Entered Level 1 of the Lair of Beasts
 13599 | Lair:1   | Noticed a six-headed hydra
 13607 | Lair:1   | Killed a six-headed hydra
 13607 | Lair:1   | Reached ****** piety under Okawaru
 13607 | Lair:1   | Received a gift from Okawaru
 13756 | Lair:1   | Noticed a six-headed hydra
 13774 | Lair:1   | Killed a six-headed hydra
 13926 | Lair:1   | Reached skill level 5 in Dodging
 13944 | Lair:1   | Reached XP level 13. HP: 73/78 MP: 14/14
 14175 | Lair:1   | Received a gift from Okawaru
 14211 | Lair:1   | Received a gift from Okawaru
 14784 | Lair:1   | Received a gift from Okawaru
 14996 | Lair:1   | Found the +7 great mace "Firestarter" {inner flame, rF++}
 15755 | Lair:2   | Found a hide-covered altar of Uskayaw.
 15862 | Lair:2   | Found a staircase to the Snake Pit.
 16115 | Lair:2   | Got a slimy arbalest
 16241 | Lair:2   | Found a staircase to the Swamp.
 17334 | Lair:3   | Reached skill level 15 in Maces & Flails
 17702 | Lair:4   | Found a gate leading to a gauntlet.
 17711 | Gauntlet | Entered a Gauntlet
 17711 | Gauntlet | Found a transporter.
 17738 | Gauntlet | Found a transporter.
 17740 | Gauntlet | Found a runed translucent door.
 17741 | Gauntlet | Noticed a reaper
 17756 | Gauntlet | Found a runed translucent door.
 17758 | Gauntlet | Found a transporter.
 17762 | Gauntlet | Found a transporter.
 17788 | Gauntlet | Found a transporter.
 17804 | Gauntlet | Found a transporter.
 17819 | Gauntlet | Found a transporter.
 17854 | Gauntlet | Found a transporter.
 17854 | Gauntlet | Found a transporter.
 17863 | Gauntlet | Found a transporter.
 17886 | Gauntlet | Found the brooch of Shielding {Spirit SH+8}
 17893 | Gauntlet | Found a transporter.
 17893 | Gauntlet | Found a transporter.
 18134 | Gauntlet | Received a gift from Okawaru
 18135 | Gauntlet | Gained mutation: Your large and strong wings let you fly
                  | indefinitely. [Gargoyle growth]
 18135 | Gauntlet | Reached XP level 14. HP: 86/86 MP: 12/15
 18152 | Gauntlet | Got a shimmering cloak
 18153 | Gauntlet | Identified the Reference Book on Cold
 18169 | Gauntlet | Identified the cursed -5 cloak of Eloco {rPois MP-9 Dex+5}
                  | (You found it in a Gauntlet)
 18245 | Gauntlet | Identified the cursed +1 arbalest "Beetlebane" {speed, +Inv
                  | Str+4} (You found it on level 2 of the Lair of Beasts)
 19373 | Lair:4   | Received a gift from Okawaru
 19537 | Lair:5   | Reached skill level 10 in Fighting
 19872 | Lair:5   | Found a staircase to the Slime Pits.
 20196 | Lair:6   | Entered Level 6 of the Lair of Beasts
 20940 | Lair:6   | Received a gift from Okawaru
 21020 | Lair:6   | Reached XP level 15. HP: 78/93 MP: 9/16
 21037 | Lair:6   | Reached skill level 1 in Spellcasting
 21169 | Lair:6   | Reached skill level 5 in Spellcasting
 21169 | Lair:6   | Reached XP level 16. HP: 85/99 MP: 17/24
 21246 | Lair:6   | Received a gift from Okawaru
 21836 | Lair:6   | Reached skill level 10 in Throwing
 21881 | Lair:6   | Found a burning altar of Makhleb.
 21959 | Lair:6   | Found a gateway to Hell.
 21978 | Lair:6   | Got a coiled marble ring
 21980 | Lair:6   | Identified the ring of Hedylat {Ice +Fly} (You found it on
                  | level 6 of the Lair of Beasts)
 22299 | Orc:1    | Entered Level 1 of the Orcish Mines
 22299 | Orc:1    | Found Zofuezua's Antique Armour Boutique.
 22311 | D:12     | Reached skill level 1 in Ice Magic
 22474 | Orc:1    | Paralysed by an orc sorcerer for 6 turns
 22594 | Orc:1    | Reached skill level 10 in Shields
 22836 | Orc:2    | Entered Level 2 of the Orcish Mines
 22836 | Orc:2    | Found a roughly hewn altar of Beogh.
 23075 | Orc:2    | Found Qobopath's Gadget Emporium.
 23167 | Orc:2    | Found Hudefouck's Gadget Boutique.
 23284 | Orc:2    | Found a roughly hewn altar of Beogh.
 23294 | Orc:2    | Found Tutegru's Weapon Emporium.
 23308 | Orc:2    | Bought 2 boomerangs for 14 gold pieces
 23430 | Orc:2    | Found a staircase to the Elven Halls.
 23534 | Orc:2    | Found a roughly hewn altar of Beogh.
 23633 | Orc:2    | Found a roughly hewn altar of Beogh.
 23642 | Orc:2    | Found Destef's Antique Armour Shop.
 23694 | Orc:2    | Found a roughly hewn altar of Beogh.
 23715 | Orc:2    | Found a roughly hewn altar of Beogh.
 23923 | Orc:2    | Found Qebbigiq's Antique Armour Emporium.
 23924 | Orc:2    | Found a roughly hewn altar of Beogh.
 23928 | Orc:2    | Found Zeucwaz's Antique Weapon Shoppe.
 24090 | Orc:2    | Learned a level 2 spell: Blink
 24094 | Orc:2    | Learned a level 3 spell: Mephitic Cloud
 24104 | Orc:2    | Got a brightly glowing hat
 24145 | Orc:2    | Identified the +1 hat of Zekilewn {Dex+4} (You found it on
                  | level 2 of the Orcish Mines)
 24240 | Orc:2    | Bought a masterwork chain mail for 266 gold pieces
 24250 | Orc:2    | Identified the +5 chain mail of the Monk {rN+ Stlth+} (You
                  | bought it in a shop on level 2 of the Orcish Mines)
 24321 | D:9      | Bought a scroll of enchant weapon for 195 gold pieces
 24321 | D:9      | Bought a potion of might for 104 gold pieces
 24321 | D:9      | Bought a scroll of magic mapping for 91 gold pieces
 24383 | D:12     | Bought a scroll of holy word for 105 gold pieces
 24383 | D:12     | Bought a scroll of enchant armour for 105 gold pieces
 24482 | D:13     | Noticed Urug
 24839 | D:13     | Killed Urug
 25021 | D:13     | Received a gift from Okawaru
 25089 | D:13     | Noticed Frances
 25118 | D:13     | Killed Frances
 25119 | D:13     | Reached XP level 17. HP: 64/108 MP: 25/25
 25249 | D:13     | Got a vibrating amber ring
 25251 | D:13     | Identified the ring "Kegus" {Str+3 Stlth+} (You found it on
                  | level 13 of the Dungeon)
 25318 | D:13     | Found a gate to the Vaults.
 25475 | D:14     | Noticed Rupert
 25477 | D:14     | Paralysed by Rupert for 5 turns
 25562 | D:13     | Killed Rupert
 25748 | D:14     | Noticed Josephine
 25809 | D:14     | Killed Josephine
 26185 | D:15     | Entered Level 15 of the Dungeon
 26293 | D:15     | Found an ornate altar of the Wu Jian Council.
 26456 | D:15     | Found a shadowy altar of Dithmenos.
 26500 | D:15     | Received a gift from Okawaru
 26803 | D:15     | Received a gift from Okawaru
 26861 | D:15     | Learned a level 3 spell: Stone Arrow
 27028 | D:15     | Found a staircase to the Depths.
 27695 | Swamp:1  | Entered Level 1 of the Swamp
 27767 | Swamp:1  | Got a silken robe
 27768 | Swamp:1  | Identified the +2 robe of the Dull Hot Ocelot {Dex+3} (You
                  | found it on level 1 of the Swamp)
 27790 | Swamp:1  | Received a gift from Okawaru
 27791 | Swamp:1  | Got a pair of warped boots {god gift}
 27802 | Swamp:1  | Identified the +2 pair of boots "Cymuimma" {Regen+}
                  | (Okawaru gifted it to you on level 1 of the Swamp)
 28382 | Swamp:1  | Reached XP level 18. HP: 117/117 MP: 26/26
 29141 | Swamp:3  | Noticed Bai Suzhen
 29157 | Swamp:3  | Killed Bai Suzhen
 29157 | Swamp:3  | Received a gift from Okawaru
 29158 | Swamp:3  | Reached skill level 1 in Translocations
 29506 | Swamp:4  | Entered Level 4 of the Swamp
 29558 | Swamp:3  | Received a gift from Okawaru
 29691 | Swamp:4  | Reached skill level 15 in Fighting
 29936 | Swamp:4  | Reached skill level 10 in Armour
 30095 | Swamp:4  | Received a gift from Okawaru
 30137 | Swamp:4  | Got a decaying rune of Zot
 30237 | Swamp:4  | Found a runed translucent door.
 30238 | Swamp:4  | Noticed Iffuusoj's ghost (adept MiBe)
 30264 | Swamp:4  | Killed Iffuusoj's ghost
 30787 | Snake:1  | Entered Level 1 of the Snake Pit
 30865 | Snake:1  | Found a frozen archway.
 30911 | IceCv    | Entered an ice cave
 31399 | IceCv    | Reached XP level 19. HP: 92/125 MP: 27/27
 31499 | IceCv    | Got a serpentine bronze ring
 31501 | IceCv    | Identified the Grimoire of Ghastly Cold
 31504 | IceCv    | Got a pair of dazzling boots
 31514 | IceCv    | Identified the +1 pair of boots of Lust {rF+ Int+5 Dex-3
                  | SInv} (You found it in an ice cave)
 31515 | IceCv    | Identified the ring "Facy" {*Corrode rC+ EV+4 Int+2} (You
                  | found it in an ice cave)
 31940 | Snake:2  | Found a shimmering altar of Xom.
 32088 | Snake:2  | Noticed Vashnia
 32150 | Snake:2  | Killed Vashnia
 32150 | Snake:2  | Received a gift from Okawaru
 32151 | Snake:2  | Reached skill level 5 in Translocations
 32369 | Snake:2  | Got a masterwork rapier
 32370 | Snake:2  | Identified the +3 rapier of Calamity {antimagic, rElec MP+9
                  | Str+3 Dex+4} (You found it on level 2 of the Snake Pit)
 33064 | Snake:3  | Received a gift from Okawaru
 33335 | Snake:3  | Found a radiant altar of Vehumet.
 33500 | Snake:4  | Entered Level 4 of the Snake Pit
 33687 | Snake:4  | Got a faintly humming scale mail
 33688 | Snake:4  | Identified the +1 scale mail of Toicuas {rPois} (You found
                  | it on level 4 of the Snake Pit)
 34297 | Snake:4  | Received a gift from Okawaru
 34431 | Snake:4  | Received a gift from Okawaru
 34449 | Snake:4  | Reached XP level 20. HP: 101/133 MP: 17/28
 34876 | Snake:4  | Got a serpentine rune of Zot
 35147 | Vaults:1 | Entered Level 1 of the Vaults
 35330 | Vaults:1 | Received a gift from Okawaru
 35729 | Vaults:1 | Got a smoking bronze ring
 35741 | Vaults:1 | Identified the ring of the Briny Deep {AC+4 Str+3 Slay+2}
                  | (You found it on level 1 of the Vaults)
 36790 | Vaults:2 | Found a staircase to the Crypt.
 36804 | Vaults:2 | Reached skill level 1 in Earth Magic
 37127 | Vaults:2 | Reached XP level 21. HP: 119/141 MP: 21/29
 37236 | Vaults:2 | Received a gift from Okawaru
 37307 | Vaults:2 | Reached skill level 1 in Conjurations
 37346 | Vaults:2 | Received a gift from Okawaru
 37347 | Vaults:2 | Got a jewelled longbow {god gift}
 37348 | Vaults:2 | Identified the +8 longbow "Punorrup" {vorpal, Will+ Int+4}
                  | (Okawaru gifted it to you on level 2 of the Vaults)
 37490 | Vaults:2 | HP: 7/142 [Ice Fiend[an ironheart preserver] (19)]
 38089 | Vaults:2 | Received a gift from Okawaru
 38179 | Vaults:2 | Got a translucent morningstar {god gift}
 38189 | Vaults:2 | Identified the +5 morningstar "Pasuud" {drain, rC+}
                  | (Okawaru gifted it to you on level 2 of the Vaults)
 38720 | Vaults:3 | Reached skill level 15 in Shields
 38842 | Vaults:3 | Reached skill level 5 in Earth Magic
 38853 | Vaults:3 | Paralysed by a sphinx for 5 turns
 39565 | Vaults:3 | Received a gift from Okawaru
 39570 | Vaults:3 | Identified the +7 quarterstaff of the Baking Sybil
                  | {antimagic, *Slow rElec rN++ Dex-5} (Okawaru gifted it to
                  | you on level 3 of the Vaults)
 39975 | Vaults:3 | Found Peats's General Store.
 40009 | Vaults:3 | Bought a scroll of enchant weapon for 127 gold pieces
 40314 | Vaults:4 | Reached XP level 22. HP: 89/150 MP: 7/31
 40552 | Vaults:4 | Received a gift from Okawaru
 40886 | Vaults:4 | Received a gift from Okawaru
 41255 | Vaults:5 | Entered Level 5 of the Vaults
 41341 | Vaults:5 | Noticed a golden dragon
 41464 | Vaults:4 | Learned a level 6 spell: Iron Shot
 41474 | Vaults:4 | Learned a level 9 spell: Shatter
 41524 | Vaults:4 | Killed a golden dragon
 41529 | Vaults:5 | Paralysed by a sphinx for 7 turns
 41628 | Vaults:5 | Received a gift from Okawaru
 41666 | Vaults:5 | Reached skill level 5 in Invocations
 41827 | Vaults:5 | Identified the -2 pair of boots "Giluofy" {+Fly rPois}
                  | (Okawaru gifted it to you on level 5 of the Vaults)
 42044 | Vaults:5 | Paralysed by a sphinx for 3 turns
 42113 | Vaults:5 | Reached XP level 23. HP: 85/156 MP: 7/32
 42140 | Vaults:5 | Identified the cursed +2 spear of Pyuxturr {drain, +Inv
                  | Will+ Int+4}
 42344 | Vaults:5 | Received a gift from Okawaru
 42434 | Vaults:5 | Identified the cursed +0 whip of the Volcano {flame, Dex+3}
 42548 | Vaults:5 | Got a silver rune of Zot
 42826 | Vaults:5 | Noticed an ancient lich
 42840 | Vaults:5 | Killed an ancient lich
 42871 | Vaults:5 | Learned a level 1 spell: Apportation
 42905 | Vaults:5 | Found the +6 lightning scales {run, rElec}
 43027 | Vaults:5 | Reached skill level 10 in Earth Magic
 44301 | Orc:2    | Bought 6 silver javelins for 201 gold pieces
 44346 | Orc:2    | Bought a distressingly furry ring mail for 252 gold pieces
 44346 | Orc:2    | Bought a pitted chain mail for 266 gold pieces
 44346 | Orc:2    | Bought a masterwork scale mail for 252 gold pieces
 44346 | Orc:2    | Bought a brightly glowing scale mail for 252 gold pieces
 44346 | Orc:2    | Bought a smelly scale mail for 252 gold pieces
 44397 | Orc:2    | Bought a polished scale mail for 270 gold pieces
 44397 | Orc:2    | Bought a steaming scale mail for 270 gold pieces
 44397 | Orc:2    | Bought a pitted chain mail for 285 gold pieces
 44398 | Orc:2    | Identified the +3 ring mail of the Saviour {+Blink rN+++
                  | Int-3 Dex-4} (You bought it in a shop on level 2 of the
                  | Orcish Mines)
 44399 | Orc:2    | Identified the cursed +1 chain mail "Rowipoub" {rCorr Int-4
                  | Dex+4 Slay+3} (You bought it in a shop on level 2 of the
                  | Orcish Mines)
 44400 | Orc:2    | Identified the +0 scale mail "Sihouno" {Str+6 Dex-5 Slay+2}
                  | (You bought it in a shop on level 2 of the Orcish Mines)
 44401 | Orc:2    | Identified the +1 scale mail of the Louse {Int+3 Dex+3}
                  | (You bought it in a shop on level 2 of the Orcish Mines)
 44402 | Orc:2    | Identified the +5 scale mail of Nitraxue {Int-2 Dex+7 SInv}
                  | (You bought it in a shop on level 2 of the Orcish Mines)
 44403 | Orc:2    | Identified the +5 scale mail of the Elephant {Int-5 Slay+6}
                  | (You bought it in a shop on level 2 of the Orcish Mines)
 44417 | Orc:2    | Identified the cursed +1 chain mail of a Hundred
                  | Spreadsheets {rC++ Int-3} (You bought it in a shop on level
                  | 2 of the Orcish Mines)
 44439 | Orc:2    | Identified the +5 scale mail "Kaymin" {Will- MP+9 Int+9
                  | Dex-2} (You bought it in a shop on level 2 of the Orcish
                  | Mines)
 44618 | Elf:1    | Entered Level 1 of the Elven Halls
 44813 | Elf:1    | Noticed Kirke
 44831 | Elf:1    | Killed Kirke
 45010 | Elf:1    | Received a gift from Okawaru
 45124 | Elf:1    | Found Dourghis's Antique Weapon Shop.
 45312 | Elf:1    | Found Opyps's Jewellery Shop.
 45312 | Elf:1    | Found Xioskit's Gadget Shoppe.
 45317 | Elf:1    | Noticed Azrael
 45325 | Elf:1    | Found Mixeabb's Jewellery Shop.
 45329 | Elf:1    | Killed Azrael
 45432 | Elf:1    | Identified Vehumet's Papyrus of Conjuration
 45717 | Elf:2    | Found a runed translucent gate.
 45718 | Elf:2    | Found a runed translucent gate.
 45718 | Elf:2    | Found a runed translucent gate.
 45722 | Elf:2    | Noticed Cuucabuana's ghost (veteran MiGl)
 45731 | Elf:2    | Identified the ring "Axiuts" {rC+ Will+ Str+2 Int-5 SInv}
 45993 | Elf:2    | Received a gift from Okawaru
 46005 | Elf:2    | Found a runed translucent gate.
 46007 | Elf:2    | Found a runed translucent gate.
 46012 | Elf:2    | Found a runed translucent gate.
 46342 | Elf:2    | Reached XP level 24. HP: 166/166 MP: 33/33
 46395 | Elf:2    | Received a gift from Okawaru
 46540 | Elf:2    | Gained mutation: You are dopey. (Int -2) [a neqoxec]
 46811 | Elf:2    | Gained mutation: You do not regenerate when monsters are
                  | visible. [mutagenic glow]
 46821 | Elf:2    | Gained mutation: You occasionally shout uncontrollably at
                  | your foes. [mutagenic glow]
 46823 | Elf:2    | Received a gift from Okawaru
 46852 | Elf:2    | Gained mutation: You are clumsy. (Dex -2) [mutagenic glow]
 46853 | Elf:2    | Killed Cuucabuana's ghost
 46871 | Elf:2    | Gained mutation: You are very clumsy. (Dex -4) [mutagenic
                  | glow]
 46887 | Elf:2    | Gained mutation: Potions are less effective at restoring
                  | your health. [mutagenic glow]
 46891 | Elf:2    | Got a faintly humming helmet
 46926 | Elf:2    | Lost mutation: You are dopey. (Int -2) [potion of mutation]
 46926 | Elf:2    | Lost mutation: You occasionally shout uncontrollably at
                  | your foes. [potion of mutation]
 46926 | Elf:2    | Gained mutation: Scrolls take you a little longer to read.
                  | [potion of mutation]
 46926 | Elf:2    | Gained mutation: You are partially covered in icy blue
                  | scales. (AC +2) [potion of mutation]
 46928 | Elf:3    | Entered Level 3 of the Elven Halls
 47093 | Elf:3    | Noticed Nikola
 47124 | Elf:3    | Killed Nikola
 47156 | Elf:3    | Found Woty's Armour Shop.
 47191 | Elf:3    | Found Vuna's Book Shop.
 47216 | Elf:3    | Bought the +2 hat of the Bear Spirit {Spirit, +Rage rN+
                  | Will++} for 547 gold pieces
 47216 | Elf:3    | Found the +2 hat of the Bear Spirit {Spirit, +Rage rN+
                  | Will++}
 47505 | Elf:3    | Received a gift from Okawaru
 47518 | Elf:3    | Reached skill level 15 in Throwing
 47518 | Elf:3    | Identified the ring "Jotigisk" {rElec rF- rCorr Str+2}
 47577 | Elf:3    | Identified the cursed -2 helmet of Death Resistance {+Inv
                  | rCorr Int-3 SInv} (You found it on level 2 of the Elven
                  | Halls)
 47614 | Elf:3    | Identified the +8 glaive of Uteacsopp {pain, rC+}
 47629 | Elf:3    | Received a gift from Okawaru
 47655 | Elf:3    | Identified the +14 plate armour of the Foremost Deaths
                  | {-Cast +Blink rPois Will+ Slay-5}
 47665 | Elf:3    | Noticed Aizul
 47691 | Elf:3    | Killed Aizul
 47867 | Elf:3    | Identified the ring "Can Roap" {rN+ rCorr Dex+5}
 47981 | Elf:3    | Identified Fauf's Compendium of Creative Stones
 47986 | Elf:3    | Learned a level 2 spell: Passwall
 47991 | Elf:3    | Learned a level 4 spell: Petrify
 48396 | Elf:3    | Identified the ring "Esog" {rElec rPois rF- Int+6 Stlth-}
 48404 | Elf:3    | Lost mutation: You are partially covered in icy blue
                  | scales. (AC +2) [potion of mutation]
 48404 | Elf:3    | Lost mutation: Scrolls take you a little longer to read.
                  | [potion of mutation]
 48404 | Elf:3    | Gained mutation: You are weak. (Str -2) [potion of
                  | mutation]
 48404 | Elf:3    | Gained mutation: You have a pair of small antennae on your
                  | head. [potion of mutation]
 48404 | Elf:3    | Gained mutation: You are partially covered in iridescent
                  | scales. (AC +2) [potion of mutation]
 49258 | D:11     | Lost mutation: You are weak. (Str -2) [potion of mutation]
 49258 | D:11     | Lost mutation: You do not regenerate when monsters are
                  | visible. [potion of mutation]
 49258 | D:11     | Lost mutation: You are partially covered in iridescent
                  | scales. (AC +2) [potion of mutation]
 49258 | D:11     | Gained mutation: Your spells are a little harder to cast,
                  | but a little more powerful. [potion of mutation]
 49258 | D:11     | Gained mutation: You are partially covered in yellow
                  | scales. (AC +2) [potion of mutation]
 49259 | D:11     | Lost mutation: Your spells are a little harder to cast, but
                  | a little more powerful. [potion of mutation]
 49259 | D:11     | Lost mutation: You have a pair of small antennae on your
                  | head. [potion of mutation]
 49259 | D:11     | Lost mutation: You are very clumsy. (Dex -4) [potion of
                  | mutation]
 49259 | D:11     | Lost mutation: You are clumsy. (Dex -2) [potion of
                  | mutation]
 49259 | D:11     | Gained mutation: Your magical capacity is low. (-10% MP)
                  | [potion of mutation]
 49259 | D:11     | Lost mutation: Your magical capacity is low. (-10% MP)
                  | [potion of mutation]
 49259 | D:11     | Gained mutation: You have a pair of small horns on your
                  | head. [potion of mutation]
 49343 | Depths:1 | Entered Level 1 of the Depths
 49360 | Depths:1 | Learned a level 5 spell: Lee's Rapid Deconstruction
 49451 | Depths:1 | Received a gift from Okawaru
 49770 | Depths:1 | Received a gift from Okawaru
 49900 | Depths:1 | Reached XP level 25. HP: 165/172 MP: 6/34
 50072 | Depths:1 | Learned a level 2 spell: Swiftness
 50510 | Depths:2 | Found a gateway to a ziggurat.
 51324 | Depths:2 | Received a gift from Okawaru
 51386 | Depths:2 | Received a gift from Okawaru
 51588 | Depths:2 | Found the +3 crown of Dyrovepreva {rElec Int+2 SInv}
 51607 | Depths:2 | Got a polished ring mail
 51633 | Depths:2 | Identified the +5 ring mail "Zeiref" {rC- rCorr Str+4
                  | Int+4} (You found it on level 2 of the Depths)
 51808 | Depths:2 | Received a gift from Okawaru
 51912 | Depths:2 | Found a runed translucent gate.
 51912 | Depths:2 | Found a runed translucent gate.
 51912 | Depths:2 | Found a runed translucent gate.
 51915 | Depths:2 | Noticed Plog's ghost (adept DgCj)
 51931 | Depths:2 | Killed Plog's ghost
 52036 | Depths:3 | Received a gift from Okawaru
 52067 | Depths:3 | Received a gift from Okawaru
 52101 | Depths:3 | Reached XP level 26. HP: 137/180 MP: 28/35
 52109 | Depths:3 | Received a gift from Okawaru
 52179 | Depths:3 | Found a magical portal.
 52184 | WizLab   | Entered Zonguldrok's Shrine
 52344 | WizLab   | Received a gift from Okawaru
 52367 | WizLab   | Noticed an antique lich
 52378 | WizLab   | Killed an antique lich
 52384 | WizLab   | Identified Qorphyas's Grimoire of Unstable Confrontation
 52412 | WizLab   | Found the +9 sword of Zonguldrok {reap}
 52616 | Depths:3 | Found a glowing silver altar of Zin.
 52680 | Depths:3 | Found a one-way gate leading to the halls of Pandemonium.
 52906 | Depths:3 | Reached skill level 15 in Earth Magic
 52928 | Depths:3 | Identified the +6 war axe "Foofoaro" {pain, Str+4}
 53586 | Depths:4 | Got a flickering diamond amulet
 53743 | Depths:4 | Found a one-way gate to the infinite horrors of the Abyss.
 53876 | Depths:4 | Received a gift from Okawaru
 54004 | Depths:4 | Identified Sif Muna's Incunabulum of Shifting Intoxication
 54128 | Depths:4 | Found a runed translucent door.
 54129 | Depths:4 | Noticed Plog's ghost (adept DgCj)
 54133 | Depths:4 | Noticed a juggernaut
 54157 | Depths:4 | Killed Plog's ghost
 54163 | Depths:4 | Killed a juggernaut
 54225 | Depths:4 | Identified the amulet of Besuvota {rF+ Regen+ Dex+6} (You
                  | found it on level 4 of the Depths)
 54382 | Depths:5 | Entered Level 5 of the Depths
 54393 | Depths:5 | Reached XP level 27. HP: 173/188 MP: 36/36
 54621 | Depths:5 | Received a gift from Okawaru
 54932 | Depths:5 | Noticed a juggernaut
 54943 | Depths:4 | Reached skill level 10 in Spellcasting
 55043 | Depths:4 | Killed a juggernaut
 55079 | Depths:5 | Noticed a juggernaut
 55102 | Depths:5 | Killed a juggernaut
 55749 | Depths:5 | Found a runed translucent door.
 55750 | Depths:5 | Found a runed translucent door.
 55750 | Depths:5 | Found a runed translucent door.
 55757 | Depths:5 | Reached skill level 10 in Dodging
 55779 | Depths:5 | Found a gate to the Realm of Zot.
 55844 | Depths:5 | Found a runed translucent door.
 55863 | Depths:5 | Found a runed translucent door.
 55867 | Depths:5 | Found a runed translucent door.
 55922 | Depths:5 | Received a gift from Okawaru
 57377 | Depths:4 | Voluntarily entered the Abyss.
 57391 | Abyss:1  | Got a crystal dire flail
 57438 | Abyss:1  | Received a gift from Okawaru
 57525 | Abyss:1  | Reached skill level 5 in Conjurations
 57610 | Abyss:2  | Found a roughly hewn altar of Beogh.
 58091 | Abyss:2  | Paralysed by you for 6 turns
 58137 | Abyss:2  | Found a corrupted altar of Lugonu.
 58286 | Abyss:3  | Found an iron altar of Okawaru.
 58800 | Abyss:3  | Received a gift from Okawaru
 58801 | Abyss:3  | Paralysed by accursed screaming for 1 turns
 58808 | Abyss:3  | Paralysed by accursed screaming for 1 turns
 58842 | Abyss:3  | Got an abyssal rune of Zot
 59084 | Depths:4 | Escaped the Abyss
 59086 | Depths:4 | Identified the +10 dire flail "Leam" {protect, +Blink rElec
                  | MP+9 Int+3} (You found it on level 1 of the Abyss)
 59461 | Slime:1  | Entered Level 1 of the Pits of Slime
 59497 | Slime:1  | Received a gift from Okawaru
 59648 | Slime:3  | Received a gift from Okawaru
 59867 | Slime:5  | Entered Level 5 of the Pits of Slime
 60116 | Slime:5  | Noticed the Royal Jelly
 60223 | Slime:5  | Killed the Royal Jelly
 60223 | Slime:5  | Received a gift from Okawaru
 60343 | Slime:5  | Gained mutation: Your flesh is heat resistant. (rF+) [a
                  | shining eye]
 60396 | Slime:4  | Gained mutation: Your spells are a little easier to cast,
                  | but a little less powerful. [a shining eye]
 60566 | Slime:5  | Identified the Incunabulum of Shifting Venom
 60606 | Slime:5  | Got a steaming marble ring
 60608 | Slime:5  | Got a slimy rune of Zot
 60688 | Slime:5  | Identified the ring of Balance {+Fly rF++ Str-5} (You found
                  | it on level 5 of the Pits of Slime)
 60695 | Slime:5  | Got a steaming morningstar
 60696 | Slime:5  | Identified the +11 morningstar "Sipacv Gequa" {vorpal,
                  | +Blink rN+ Str+2} (You found it on level 5 of the Pits of
                  | Slime)
 60736 | Slime:5  | Got a faintly glowing longbow
 60742 | Slime:5  | Identified the +8 longbow "Wuyha" {freeze, +Fly rC++ Str-5
                  | Stlth+} (You found it on level 5 of the Pits of Slime)
 60975 | D:11     | Acquired the +1 hat "Zeham" {rElec Int+4}
 61117 | Temple   | Fell from the grace of Okawaru
 61117 | Temple   | Became a worshipper of the Shining One
 61368 | Crypt:1  | Entered Level 1 of the Crypt
 61396 | Crypt:1  | Reached * piety under the Shining One
 61432 | Crypt:1  | Reached ** piety under the Shining One
 61477 | Crypt:1  | Reached *** piety under the Shining One
 61677 | Crypt:1  | Reached **** piety under the Shining One
 61999 | Crypt:1  | Got an ancient glass ring
 62238 | Crypt:1  | Reached ***** piety under the Shining One
 62486 | Crypt:1  | Identified the ring of Emydaiff {rF+ Will+ Stlth-} (You
                  | found it on level 1 of the Crypt)
 62548 | Crypt:2  | Reached ****** piety under the Shining One
 63023 | Crypt:1  | Identified a +7 sacred scourge of holy wrath (a +5 demon
                  | whip blessed by the Shining One)
 63023 | Crypt:1  | Received a gift from the Shining One
 63044 | Crypt:3  | Entered Level 3 of the Crypt
 63126 | Crypt:3  | Noticed Mara
 63141 | Crypt:3  | Noticed Elvor's illusion
 63146 | Crypt:3  | Killed Mara
 63206 | Crypt:3  | Found an ancient bone altar of Kikubaaqudgha.
 63517 | Crypt:3  | Found a staircase to the Tomb.
 63683 | Crypt:3  | Found a basalt altar of Yredelemnul.
 63854 | Crypt:3  | Found the cursed +13 scythe of Curses {drain, *Curse}
 63893 | Crypt:3  | Noticed an ancient lich
 63920 | Crypt:3  | Killed an ancient lich
 63959 | Crypt:3  | Identified the Compendium of Unstable Heat
 64791 | Depths:4 | Voluntarily entered the Abyss.
 65263 | Abyss:3  | Found a corrupted altar of Lugonu.
 65396 | Abyss:4  | Found a corrupted altar of Lugonu.
 65484 | Abyss:5  | Entered Level 5 of the Abyss
 65499 | Abyss:5  | Found a corrupted altar of Lugonu.
 65691 | Abyss:5  | Was forgiven by Okawaru
 65831 | Depths:4 | Escaped the Abyss
 66026 | D:11     | Lost mutation: Your flesh is heat resistant. (rF+) [potion
                  | of mutation]
 66026 | D:11     | Lost mutation: You are partially covered in yellow scales.
                  | (AC +2) [potion of mutation]
 66026 | D:11     | Lost mutation: You have a pair of small horns on your head.
                  | [potion of mutation]
 66026 | D:11     | Gained mutation: You have sharp fingernails. [potion of
                  | mutation]
 66027 | D:11     | Lost mutation: You have sharp fingernails. [potion of
                  | mutation]
 66027 | D:11     | Lost mutation: Potions are less effective at restoring your
                  | health. [potion of mutation]
 66027 | D:11     | Gained mutation: You are partially covered in iridescent
                  | scales. (AC +2) [potion of mutation]
 66027 | D:11     | Lost mutation: Your spells are a little easier to cast, but
                  | a little less powerful. [potion of mutation]
 66027 | D:11     | Gained mutation: Your mind is acute. (Int +2) [potion of
                  | mutation]
 66027 | D:11     | Gained mutation: Your muscles are strong. (Str +2) [potion
                  | of mutation]
 66164 | Hell     | Entered the Vestibule of Hell
 66164 | Hell     | Noticed Geryon
 66222 | Hell     | Found a gateway to the Iron City of Dis.
 66465 | Hell     | Killed Geryon
 66579 | Hell     | Found a gateway to the freezing wastes of Cocytus.
 66657 | Hell     | Found a gateway to the decaying netherworld of Tartarus.
 66757 | Hell     | Found a gateway to the ashen valley of Gehenna.
 66903 | Tar:1    | Entered Level 1 of Tartarus
 67068 | Tar:7    | Entered Level 7 of Tartarus
 67136 | Tar:7    | Identified the cursed +0 tower shield of Wariness {-Cast
                  | Str+2 Int+2 Dex+3}
 67400 | Tar:7    | Noticed an ancient lich
 67420 | Tar:7    | Killed an ancient lich
 67440 | Tar:7    | Got an ivory battleaxe
 67442 | Tar:7    | Got a buzzing trident
 67446 | Tar:7    | Got a faintly glowing helmet
 67451 | Tar:7    | Identified the cursed +1 battleaxe of Duty {drain, Str+6
                  | SInv} (You found it on level 7 of Tartarus)
 67452 | Tar:7    | Identified the cursed +1 trident of Guilt {freeze, Will+}
                  | (You found it on level 7 of Tartarus)
 67453 | Tar:7    | Identified the +0 helmet of the Wasteland {Str+3} (You
                  | found it on level 7 of Tartarus)
 67712 | Tar:7    | Reached skill level 27 in Fighting
 67808 | Tar:7    | Found the +4 Cigotuvi's embrace {rMiasma *Drain rN+}
 67931 | Tar:7    | Got an ichor-stained dagger
 68115 | Tar:7    | Got a masterwork leather armour
 68119 | Tar:7    | Got a steaming scythe
 68307 | Tar:7    | Noticed Ereshkigal
 68362 | Tar:7    | Killed Ereshkigal
 68394 | Tar:7    | Got a bone rune of Zot
 68539 | Dis:1    | Entered Level 1 of the Iron City of Dis
 68836 | Dis:2    | You are sucked into a shaft and drop 2 floors!
 69245 | Dis:7    | Entered Level 7 of the Iron City of Dis
 70227 | Dis:7    | Got a twisted robe
 70242 | Dis:7    | Identified the +2 robe of the Original Sin {rElec Int+3}
                  | (You found it on level 7 of the Iron City of Dis)
 71217 | Dis:7    | Found the +4 staff of Dispater
 71217 | Dis:7    | Noticed Dispater
 71234 | Dis:7    | Killed Dispater
 71238 | Dis:7    | Identified the +5 quarterstaff of Perfectionism {vorpal,
                  | rC+ Int+3}
 71263 | Dis:7    | Got a crude pewter amulet
 71268 | Dis:7    | Got an iron rune of Zot
 71474 | Hell     | Identified the amulet of Fuul {Inacc Str+2 Int+2 Dex+2}
                  | (You found it on level 7 of the Iron City of Dis)
 71514 | Geh:1    | Entered Level 1 of Gehenna
 72124 | Geh:7    | Entered Level 7 of Gehenna
 72552 | Geh:7    | Noticed the Serpent of Hell
 72567 | Geh:7    | Killed the Serpent of Hell
 72881 | Geh:7    | Got a scorched falchion
 72884 | Geh:7    | Got a pitted leather armour
 72909 | Geh:7    | Found the +7 sceptre of Asmodeus
 72909 | Geh:7    | Noticed Asmodeus
 72932 | Geh:7    | Killed Asmodeus
 72937 | Geh:7    | Got an obsidian rune of Zot
 73142 | Coc:1    | Entered Level 1 of Cocytus
 74488 | Coc:6    | Reached skill level 15 in Spellcasting
 74555 | Coc:7    | Entered Level 7 of Cocytus
 75284 | Coc:7    | Reached skill level 10 in Conjurations
 75355 | Coc:7    | Got a topaz-encrusted chain mail
 75412 | Coc:7    | Noticed Antaeus
 75413 | Coc:7    | Found the +8 arc blade {discharge, rElec}
 75436 | Coc:7    | Killed Antaeus
 75441 | Coc:7    | Reached skill level 10 in Invocations
 75449 | Coc:7    | Identified the Tome of the Torrid Entourage
 75462 | Coc:7    | Got an icy rune of Zot
 75632 | Hell     | Identified the cursed +1 chain mail of the Vestibule of
                  | Hell {Int-4 Dex+3 Stlth+} (You found it on level 7 of
                  | Cocytus)
 75633 | Hell     | Identified the +1 leather armour of Olypty {rC+} (You found
                  | it on level 7 of Tartarus)
 75671 | Hell     | Identified the +10 dagger of Picoer {protect, rPois rF-
                  | Int+2 Dex+6} (You found it on level 7 of Tartarus)
 75672 | Hell     | Identified the +3 falchion "Avuxt" {drain, Int+4} (You
                  | found it on level 7 of Gehenna)
 75678 | Hell     | Identified the cursed +1 scythe of Cowardice {flame, Str+4}
                  | (You found it on level 7 of Tartarus)
 75700 | Hell     | Identified the cursed +1 leather armour "Tuicopt" {*Contam
                  | Will+ Regen+ Dex+6} (You found it on level 7 of Gehenna)
 76057 | Zig:1    | Entered Level 1 of a ziggurat
 76072 | Zig:2    | Entered Level 2 of a ziggurat
 76098 | Zig:3    | Entered Level 3 of a ziggurat
 76125 | Zig:4    | Entered Level 4 of a ziggurat
 76189 | Zig:5    | Entered Level 5 of a ziggurat
 76253 | Zig:6    | Entered Level 6 of a ziggurat
 76260 | Zig:6    | Identified the +6 tower shield "Ammyna" {rPois rN+ Str-5
                  | Int+6 Stlth-}
 76279 | Zig:6    | HP: 7/199 [daeva/divine providence (8)]
 76424 | Zig:7    | Entered Level 7 of a ziggurat
 76469 | Zig:7    | Learned a level 4 spell: Passage of Golubria
 76486 | Zig:8    | Entered Level 8 of a ziggurat
 76492 | Zig:8    | Gained mutation: You are clumsy. (Dex -2) [a neqoxec]
 76494 | Zig:8    | Gained mutation: Your magical capacity is low. (-10% MP) [a
                  | neqoxec]
 76536 | Zig:8    | Identified Sif Muna's Handbook of Shape Shifting and
                  | Bewitchment
 76556 | Zig:8    | Got an ichor-stained falchion
 76559 | Zig:8    | Identified the +8 falchion of Infection {drain, rElec MP+9
                  | Str+8 Int-5} (You found it on level 8 of a ziggurat)
 76566 | Zig:9    | Entered Level 9 of a ziggurat
 76576 | Zig:9    | Found the +8 longbow "Zephyr" {speed, Dex+3 SInv}
 76598 | Zig:9    | Identified the Tome of Evil and the Blaze
 76609 | Zig:9    | Got an encrusted battleaxe
 76623 | Zig:10   | Entered Level 10 of a ziggurat
 76663 | Zig:10   | Identified the +2 ring mail of Asceticism {rC+} (You found
                  | it on level 10 of a ziggurat)
 76674 | Zig:10   | Identified the +7 battleaxe "Pendulum" {freeze, +Blink
                  | Int+6 Dex+4} (You found it on level 9 of a ziggurat)
 76686 | Zig:11   | Entered Level 11 of a ziggurat
 76730 | Zig:11   | Found the +8 autumn katana {vorpal, Clar}
 76730 | Zig:11   | Found the +4 moon troll leather armour {Spirit, Regen++
                  | MP+5}
 76763 | Zig:11   | Got a shimmering garnet amulet
 76765 | Zig:11   | Identified the amulet "Wuel" {Inacc rF+} (You found it on
                  | level 11 of a ziggurat)
 76790 | Zig:12   | Entered Level 12 of a ziggurat
 76799 | Zig:12   | Noticed a juggernaut
 76804 | Zig:12   | Noticed a juggernaut
 76805 | Zig:12   | Noticed a juggernaut
 76805 | Zig:12   | Noticed a juggernaut
 76806 | Zig:12   | Reached skill level 5 in Evocations
 76807 | Zig:12   | Reached skill level 15 in Dodging
 76807 | Zig:12   | Reached skill level 27 in Earth Magic
 76810 | Zig:12   | Killed a juggernaut
 76811 | Zig:12   | Killed a juggernaut
 76813 | Zig:12   | Killed a juggernaut
 76817 | Zig:12   | Killed a juggernaut
 76828 | Zig:12   | Identified the Reference Book on Battle Magic
 76850 | Zig:12   | Identified the cursed +0 hand crossbow of Circularity
                  | {penet, rPois Int-5 SInv} (You found it on level 12 of a
                  | ziggurat)
 76949 | Zig:13   | Entered Level 13 of a ziggurat
 77123 | Zig:14   | Entered Level 14 of a ziggurat
 77146 | Zig:14   | Noticed an ancient lich
 77183 | Zig:14   | Paralysed by an ancient lich for 7 turns
 77192 | Zig:14   | Killed an ancient lich
 77250 | Zig:14   | Got a pitted zirconium amulet
 77273 | Zig:14   | Identified the amulet of Neurosis {Spirit rF+ Dex+6} (You
                  | found it on level 14 of a ziggurat)
 77282 | Zig:15   | Entered Level 15 of a ziggurat
 77299 | Zig:15   | Noticed Muruihuw the pandemonium lord
 77301 | Zig:15   | Noticed Datrad the pandemonium lord
 77310 | Zig:15   | Killed Muruihuw the pandemonium lord
 77315 | Zig:15   | Killed Datrad the pandemonium lord
 77325 | Zig:15   | Noticed Fais Oxo the pandemonium lord
 77347 | Zig:15   | Killed Fais Oxo the pandemonium lord
 77441 | Zig:15   | Got a glittering zirconium amulet
 77444 | Zig:15   | Got an ancient pewter amulet
 77462 | Zig:15   | Identified the amulet "Hifuh" {rElec Regen+ Stlth+} (You
                  | found it on level 15 of a ziggurat)
 77472 | Zig:15   | Identified the amulet of Meugol {RegenMP rC++ Int-3 SInv}
                  | (You found it on level 15 of a ziggurat)
 77487 | Zig:15   | Got a clouded copper ring
 77489 | Zig:15   | Identified the ring "Rairaoto" {rC+ rCorr Int+2} (You found
                  | it on level 15 of a ziggurat)
 77497 | Zig:15   | Got a dazzling plate armour
 77508 | Zig:15   | Identified the +6 plate armour "Ewosaj" {rF+ rCorr Stlth+}
                  | (You found it on level 15 of a ziggurat)
 77522 | Zig:16   | Entered Level 16 of a ziggurat
 77639 | Zig:16   | Identified the Almanac of Shifting Poison
 77670 | Zig:16   | Got a heavily runed glass ring
 77672 | Zig:16   | Identified the cursed ring "Melag" {*Corrode Will++ Str-4
                  | Int+4 Slay-3} (You found it on level 16 of a ziggurat)
 77683 | Zig:16   | Got an ichor-stained whip
 77684 | Zig:16   | Identified the +3 whip of Tartarus {vorpal, +Inv Int+4
                  | Dex-4} (You found it on level 16 of a ziggurat)
 77689 | Zig:16   | Got a pitted crystal plate armour
 77700 | Zig:16   | Identified the cursed +0 crystal plate armour of Insurance
                  | {rElec Str+6} (You found it on level 16 of a ziggurat)
 77723 | Zig:16   | Learned a level 5 spell: Fireball
 77763 | Zig:17   | Entered Level 17 of a ziggurat
 77773 | Zig:17   | Noticed an ancient lich
 77779 | Zig:17   | Killed an ancient lich
 77814 | Zig:17   | Reached skill level 27 in Shields
 77816 | Zig:17   | HP: 5/199 [titan (60)]
 77816 | Zig:17   | Slain by a deep elf knight

Illustrated notes

Levels and vault maps discovered:
D:1:      lemuel_arrival_muddy, layout_basic, chequers_serial_rivers_small_a
D:2:      layout_basic, kiku_gazebo_pond_becter
D:3:      layout_basic, minivault_11, minmay_increasing_density
D:4:      layout_loops_ring, uniq_sigmund
D:5:      layout_loops_ring, ashenzari_conservatory_becter,
          minmay_temple_entry_sparse_star, lemuel_statue_altar
D:6:      layout_rooms, serial_shops, shop
D:7:      layout_layer_cave, grunt_temple_overflow_lords_of_destruction,
          gammafunk_temple_overflow_statue, uniq_joseph, uniq_pikel, uniq_harold
D:8:      layout_loops_ring, enter_bailey_4, trog_book, uniq_prince_ribbit1,
          uniq_maurice
D:9:      layout_basic, lair_entry_dummy, serial_shops,
          nicolae_shop_competitors_out_of_business, kennysheep_generic_room_2
D:10:     layout_cave_pools, uniq_snorg, uniq_fannar
D:11:     layout_rooms, serial_glass, glass_columns_b, glass_columns_a
D:12:     layout_loops_corners, orc_0_dummy, serial_shops,
          nicolae_shop_window_shopping, hex_large
D:13:     layout_cave_pools, erik_vaults_1, uniq_frances, uniq_urug
D:14:     layout_cave_pools, serial_park, serial_park_gazebo
          [serial_park_minivault_5x5_2], serial_park_paths
          [serial_park_minivault_5x5_4], serial_park_tiny_2, serial_park_tiny_1,
          serial_park_square1 [serial_park_minivault_5x5_7], uniq_josephine,
          uniq_rupert
D:15:     gammafunk_enter_depths_forms, layout_basic,
          nicolae_dithmenos_the_darkroom, basic_altar, roderic_roman_lattice,
          due_unseen_surprise
Temple:   eino_temple_scatter_basement
Lair:1:   minmay_lair_oklob_tunnel, layout_chaotic_city
Lair:2:   layout_long_grid, palyth_hydra_swamp_entry,
          minmay_snake_entry_guardpost_medium, basic_altar, serial_bayou_pond_e,
          grunt_megastairs_1
Lair:3:   layout_chaotic_city, infiniplex_staircase_pool_2, grunt_megastairs_3
Lair:4:   layout_long_grid, gauntlet_entry_generic
Lair:5:   layout_misc_corridors, minmay_slime_entry_pillars,
          cheibrodos_lair_reptile_den
Lair:6:   evil_forest, layout_regular_city, lemuel_fruit_tree
Swamp:1:  layout_basic_swamp, evilmike_swamp_ruin_house_4
Swamp:2:  layout_falls_marsh, hangedman_swamp_ruin_hall
Swamp:3:  layout_falls_marsh, evilmike_swamp_ruin_house_2, uniq_bai_suzhen
Swamp:4:  swamp, layout_basic_swamp, gammafunk_ghost_grave, swamp_pool3,
          nicolae_swamp_dense_foliage
Snake:1:  layout_rooms, portal_ice_cave_entry_pillars_2
Snake:2:  layout_misc_corridors, basic_altar, uniq_vashnia
Snake:3:  layout_concentric_octagons, basic_altar, serial_bayou_pond_e,
          grunt_megastairs_4
Snake:4:  grunt_snake_rune_serpentine_throne, layout_cave_town,
          serial_bayou_shore_b
Slime:1:  layout_caves
Slime:2:  layout_caves, cheibrodos_slime_lost_civilization_7
Slime:3:  layout_caves
Slime:4:  layout_caves
Slime:5
Orc:1:    nicolae_orc_accident_3, layout_caves, serial_shops, shop
Orc:2:    grunt_orc_community_town_hall, layout_caves,
          grunt_orc_community_big_house_2, grunt_orc_community_big_house_2,
          grunt_orc_community_house_2, grunt_orc_community_house_2,
          grunt_orc_community_house_1, grunt_orc_community_house_2,
          grunt_orc_community_house_3, basic_altar, serial_shops,
          nicolae_shop_temple_entry_statues_fountains, shop,
          hangedman_minor_magic
Elf:1:    eino_elf_arrival_customs, layout_geoelf_octagon, serial_shops,
          nicolae_shop_statue_plus, minmay_elf_annihilation,
          minmay_misc_feat_columns, grunt_ministairs_8, minmay_shop_grove,
          uniq_azrael, uniq_kirke
Elf:2:    layout_loops_corners, gammafunk_ghost_tricky_traps
Elf:3:    minmay_elf_hall_furrowed, layout_gridlike, minmay_shop_star,
          uniq_aizul, uniq_nikola
Vaults:1: v_misc_33, v_misc_9, nicolae_vaults_asterisk,
          vaults_dpeg_encased_lava, nicolae_vaults_alarming,
          vaults_room_hangedman_quadrants, vaults_room_semicircle,
          nicolae_vaults_shelves_hall, layout_vaults_big_room, serial_glass
Vaults:2: dpeg_vaults_monster_box, vaults_room_semicircle,
          minmay_crypt_entry_simple_sparse, v_misc_25, grunt_vaults_swirl,
          vaults_room_hallway, st_smaller_cells, v_misc_2,
          layout_vaults_quadrants
Vaults:3: nicolae_vaults_hallways_thing, hangedman_vaults_nodes, st_lattice,
          v_misc_25, v_misc_2, ontoclasm_vaults_ring_large, v_misc_33,
          v_rooms_6, vaults_room_door_ring, nicolae_vaults_asterisk,
          vaults_mumra_hexcomb, v_misc_27, nicolae_vaults_little_squares_4,
          grunt_vaults_hallway_short, layout_vaults_big_cross, serial_shops,
          nicolae_shop_trees
Vaults:4: v_alt_pattern_3, v_misc_8, vaults_standard_mumra_x, v_misc_19,
          grunt_vaults_diagonal, nicolae_vaults_network_quinsquares
          [nicolae_vaults_network_quincunx_subvault,
          nicolae_vaults_network_quincunx_subvault,
          nicolae_vaults_network_quincunx_subvault,
          nicolae_vaults_network_quincunx_subvault], hangedman_vaults_trim,
          nicolae_vaults_yaktaur_gun_rack, v_misc_19, hangedman_vaults_impose,
          vaults_room_corners, hangedman_vaults_corner_blocks,
          special_room_vaults [special_room_orc], grunt_vaults_hallway_short,
          hangedman_vaults_slice, layout_vaults_maze_snakey
Vaults:5
Crypt:1:  cheibrodos_crypt_draghalla, layout_rooms, minicrypt_bobbens
Crypt:2:  layout_rooms, minmay_misc_feat_five
Crypt:3:  church_of_pain_bobbens, layout_chaotic_city,
          tomb_entry_simple_bobbens, basic_altar, uniq_mara
Depths:1: layout_basic, hellmouth_2, kennysheep_decorative_pillar,
          chequers_serial_rivers_micro_d, kennysheep_four_rooms,
          serial_bayou_shore_a
Depths:2: grunt_crosshair, layout_basic, enter_ziggurat_a,
          ebering_ghost_rock_garden, pf_coc_iceberg, hex_tiny, serial_bayou,
          serial_bayou_lagoon_a, serial_bayou_crossing, serial_bayou_pond_b,
          serial_bayou_lake_a, serial_bayou_pond_c
Depths:3: kennysheep_blocky_room, layout_cave_pools, grunt_pan_entry_spiral,
          mu_enter_wizlab_6, basic_altar, hell_entry
Depths:4: cheibrodos_lost_city_excavation, layout_cave_shapes,
          kennysheep_cross_room, ebering_ghost_inner_flame, hell_entry,
          abyss_entry, st_stairs_10, minmay_evil_grid,
          infiniplex_staircase_zigzag_4
Depths:5: evilmike_zot_entry_castle, layout_cave_shapes,
          hangedman_abyss_entry_splay, rand_demon_pan_entry_4,
          pf_vacation_house_of_asmodeus, nicolae_twisting_strands
Hell
Dis:1:    layout_chaotic_city, nicolae_dis_iron_filings
Dis:2:    layout_gridville
Dis:4:    layout_chaotic_city, hangedman_dis_decor_blocks_crown
Dis:5:    layout_chaotic_city
Dis:6:    layout_subdivisions
Dis:7:    dis_grunt_layers
Geh:1:    layout_gehenna_lava_caves
Geh:2:    layout_gehenna_lava_caves
Geh:3:    layout_gehenna_pools_box, lemuel_hellion_isle
Geh:4:    layout_gehenna_pools_triple, grunt_megastairs_5
Geh:5:    layout_gehenna_lava_caves
Geh:6:    minmay_firetagon, layout_gehenna_pools_basic
Geh:7:    geh_old
Coc:1:    layout_ice_bergs
Coc:2:    layout_ice_bergs
Coc:3:    layout_ice_bergs
Coc:4:    layout_cocytus_water_paths
Coc:5:    layout_cocytus_water_paths
Coc:6:    layout_ice_bergs
Coc:7:    coc_grunt_cove [coc_grunt_cove_antaeus, coc_grunt_cove_fiend,
          coc_grunt_cove_fiend, coc_grunt_cove_fiend, coc_grunt_cove_fiend]
Tar:1:    hangedman_tartarus_silent_blood_keep, layout_grid_maze
Tar:2:    layout_cathedral_of_symmetry
Tar:3:    layout_cathedral_of_symmetry, nicolae_tar_cuneiform_water
Tar:4:    layout_grid_maze, nicolae_tar_cuneiform_three
Tar:5:    layout_cathedral_of_symmetry
Tar:6:    layout_grid_maze
Tar:7:    tar_old
Zig:17:   ziggurat_pillar_centre_dispersal, ziggurat_pillar_centre_dispersal,
          ziggurat_pillar_centre_dispersal, ziggurat_pillar_centre_dispersal

Skill      XL: |  1  2  3  4  5  6  7  8  9 10 11 12 13 14 15 16 17 18 19 20 21 22 23 24 25 26 27 |
---------------+----------------------------------------------------------------------------------+-----
Stealth        | 6 7 8 |  8.7
Maces & Flails | 3 4 5 6 8 9 10 11 13 15 16 17 18 19 20 25 | 25.2
Armour         | 1 2 3 4 5 6 7 8 9 10 11 12 14 | 14.8
Dodging        | 2 3 4 5 6 7 8 9 16 | 16.2
Shields        | 1 2 3 5 6 7 8 9 10 11 12 13 14 15 16 17 18 27 | 27.0
Fighting       | 4 5 6 7 9 10 12 14 15 16 18 19 20 21 22 23 27 | 27.0
Throwing       | 1 3 4 6 7 8 9 11 12 13 14 15 | 15.6
Staves         | 2 |  2.1
Evocations     | 1 2 3 4 6 |  6.1
Invocations    | 2 3 4 5 6 10 | 10.2
Spellcasting   | 5 6 7 8 9 17 | 17.5
Ice Magic      | 1 |  1.0
Translocations | 4 6 7 |  7.2
Earth Magic    | 1 6 8 10 12 14 16 27 | 27.0
Conjurations   | 2 3 4 10 | 10.6

Action                   |  1- 3 |  4- 6 |  7- 9 | 10-12 | 13-15 | 16-18 | 19-21 | 22-24 | 25-27 || total
-------------------------+-------+-------+-------+-------+-------+-------+-------+-------+-------++-------
Melee: Mace              |    55 |   334 |   205 |       |       |       |       |       |       ||   594
       Flail             |       |       |    99 |   133 |       |       |       |       |       ||   232
       Staff             |       |       |       |    95 |       |       |       |       |       ||    95
       Eveningstar       |       |       |       |   387 |   668 |  1294 |  1538 |  1221 |  3994 ||  9102
       Headbutt          |       |       |       |       |       |       |       |    34 |   934 ||   968
       Sacred scourge    |       |       |       |       |       |       |       |       |  2391 ||  2391
Throw: Stone             |     1 |     4 |     3 |       |       |       |       |       |       ||     8
       Dart              |       |    29 |   140 |   147 |   229 |   194 |       |    13 |       ||   752
       Boomerang         |       |       |     1 |    85 |    13 |   462 |   243 |   201 |  1081 ||  2086
       Throwing net      |       |       |     1 |     4 |       |     3 |       |       |       ||     8
 Cast: Freeze            |       |       |       |       |     4 |     2 |       |       |       ||     6
       Stone Arrow       |       |       |       |       |       |       |    31 |    79 |       ||   110
       Lee's Rapid Decon |       |       |       |       |       |       |       |    19 |   287 ||   306
       Blink             |       |       |       |       |       |       |       |     1 |     2 ||     3
       Mephitic Cloud    |       |       |       |       |       |       |       |       |     2 ||     2
       Passwall          |       |       |       |       |       |       |       |       |     3 ||     3
       Iron Shot         |       |       |       |       |       |       |       |       |   266 ||   266
       Shatter           |       |       |       |       |       |       |       |       |    24 ||    24
       Passage of Golubr |       |       |       |       |       |       |       |       |     3 ||     3
       Fireball          |       |       |       |       |       |       |       |       |     1 ||     1
       Apportation       |       |       |       |       |       |       |       |       |     1 ||     1
Invok: Heroism           |       |       |     2 |    12 |     6 |    10 |     7 |     7 |     6 ||    50
       Finesse           |       |       |       |     2 |     4 |     4 |     8 |     6 |     6 ||    30
       Cleansing Flame   |       |       |       |       |       |       |       |       |    14 ||    14
       Summon Divine War |       |       |       |       |       |       |       |       |    12 ||    12
       Brand Weapon With |       |       |       |       |       |       |       |       |     1 ||     1
Evoke: Wand              |       |     2 |    11 |    36 |     3 |    13 |    20 |     2 |    29 ||   116
       Phial of floods   |       |       |       |     1 |       |       |       |       |       ||     1
       Tin of tremorston |       |       |       |       |       |       |     2 |     2 |    19 ||    23
       Condenser vane    |       |       |       |       |       |       |       |       |     2 ||     2
       Lightning rod     |       |       |       |       |       |       |       |       |     8 ||     8
  Use: Potion            |     1 |       |     2 |     2 |     2 |       |     9 |     8 |    28 ||    52
       Scroll            |       |     5 |     5 |    21 |    10 |    11 |    15 |    23 |    62 ||   152
 Stab: Sleeping          |     5 |    14 |     1 |     2 |     3 |       |     2 |     3 |     6 ||    36
       Distracted        |       |       |     1 |     1 |       |       |       |     2 |     5 ||     9
       Petrified         |       |       |       |       |       |       |       |       |     3 ||     3
Armor: Leather armour    |    22 |   156 |       |       |       |       |       |       |       ||   178
       Ring mail         |       |     4 |   159 |   141 |       |       |       |       |       ||   304
       Scale mail        |       |       |       |   235 |   372 |   126 |       |       |       ||   733
       Chain mail        |       |       |       |       |       |   529 |   668 |   178 |       ||  1375
       Quicksilver drago |       |       |       |       |       |       |       |   214 |  2087 ||  2301
       Troll leather arm |       |       |       |       |       |       |       |       |   224 ||   224
Dodge: Dodged            |    29 |   155 |   123 |   250 |   238 |   389 |   759 |   465 |  3711 ||  6119
       Repelled          |       |       |       |       |       |    21 |    50 |    15 |    80 ||   166
Block: Kite shield       |     2 |   131 |   152 |   341 |   364 |   695 |  1068 |   701 |  4488 ||  7942
       Tower shield      |       |       |       |       |       |       |       |       |   762 ||   762
